 Dungeon Crawl Stone Soup version 0.30-a0-629-gd54f4be4f7 (webtiles) character file.

Game seed: 783792159404298610

19773 IdlyInterested the Cleaver (level 12, -10/100 HPs)
             Began as a Demonspawn Gladiator on Jan 12, 2023.
             Killed from afar by a frost giant (11 damage)
             ... with a bolt of cold
             ... on level 11 of the Dungeon.
             The game lasted 00:40:26 (11404 turns).

IdlyInterested the Cleaver (Demonspawn Gladiator)  Turns: 11404, Time: 00:40:27

Health: -10/100    AC: 33    Str: 22    XL:     12   Next: 39%
Magic:  0/12       EV:  8    Int: 14    God:
Gold:   775        SH:  0    Dex: 13    Spells: 11/11 levels left

rFire   + . .      SeeInvis .    a - +4 war axe (heavy)
rCold   + . .      Faith    .    (no shield)
rNeg    . . .      Spirit   +    s - +15 Maxwell's patent armour {-Cast -Tele rElec Will+ rCorr}
rPois   .          Reflect  .    l - +1 helmet
rElec   +          Harm     .    g - +2 cloak {Will+}
rCorr   +          Rampage  .    (gloves unavailable)
Will    ++...      NoTele   +    S - +1 pair of boots of a sewer {rF+ Int+3} Stlth NoCast +
                                 (no amulet)
HPRegen 0.36/turn                w - ring "Elopiliz" {rC+ rCorr Str+6}
MPRegen 0.26/turn                (no ring)

@: confused, ambrosia-drunk, unable to read
A: claws 3, yellow scales 1, spiny 2, magic shield, magic regeneration, clumsy
1, MP-powered wands, noise suppression, [deformed body], [weak 1]
a: no special abilities


You were on level 11 of the Dungeon.
You visited 2 branches of the dungeon, and saw 12 of its levels.
You visited the Abyss 1 time.
You also visited: Bailey.

You collected 775 gold pieces.

Inventory:

Hand Weapons
 a - a +4 heavy war axe (weapon)
 C - a +3 flail of protection
 E - a +0 broad axe of freezing
 G - a +0 battleaxe
 V - a +2 hand axe of venom
Missiles
 d - 3 throwing nets
 e - 8 javelins
 i - 61 stones (quivered)
 r - 12 boomerangs
 H - 11 poisoned darts
 Q - 2 datura-tipped darts
Armour
 g - a +2 cloak of willpower (worn)
 h - a +0 buckler
 l - a +1 helmet (worn)
 s - the +15 Maxwell's patent armour (worn) {-Cast -Tele rElec Will+ rCorr}
   (You found it on level 3 of the Dungeon)

   rElec:     It insulates you from electricity.
   -Cast:     It prevents spellcasting.
   -Tele:     It prevents most forms of teleportation.
   rCorr:     It protects you from acid and corrosion.
   Will:      It increases your willpower.
 z - a +2 robe of cold resistance
 M - a +2 cloak of poison resistance
 O - a +1 crystal plate armour
 S - the +1 pair of boots of a sewer (worn) {rF+ Int+3}
   (You acquired it on level 9 of the Dungeon)

   Int:       It affects your intelligence (+3).
   rF:        It protects you from fire.
 W - the +0 robe of Ekomitwa {rF+ Str+5}
   (You found it on level 9 of the Dungeon)

   Str:       It affects your strength (+5).
   rF:        It protects you from fire.
Magical Staves
 f - a staff of fire
 F - a staff of cold
Jewellery
 b - an amulet of faith
 w - the ring "Elopiliz" (left claw) {rC+ rCorr Str+6}
   (You acquired it on level 10 of the Dungeon)

   [ring of strength]

   Str:       It affects your strength (+6).
   rC:        It protects you from cold.
   rCorr:     It protects you from acid and corrosion.
 U - a ring of ice
Wands
 y - a wand of flame (45)
 L - a wand of charming (8)
 R - a wand of iceblast (12)
 T - a wand of mindburst (19)
Scrolls
 x - 4 scrolls of poison
 B - a scroll of teleportation
 D - a scroll of identify
 I - 2 scrolls of blinking
 J - a scroll of immolation
 K - 2 scrolls of fog
Potions
 c - a potion of haste
 j - a potion of ambrosia
 k - 2 potions of curing
 m - a potion of attraction
 n - 3 potions of heal wounds
 o - a potion of invisibility
 p - a potion of flight
 q - 3 potions of mutation
 t - 3 potions of resistance
 v - a potion of brilliance
 A - a potion of cancellation
 P - a potion of lignification
 Y - a potion of magic
Miscellaneous
 N - a piece from Xom's chessboard (15/15)


   Skills:
 * Level 11.6 Fighting
 + Level 13.3 Axes
 - Level 2.0 Throwing
 * Level 7.5 Armour
 - Level 4.0 Dodging
 - Level 1.0 Stealth
 - Level 2.0 Shields
 - Level 2.0 Unarmed Combat
 - Level 2.0 Evocations


You had 11 spell levels left.
You didn't know any spells.
Your spell library contained the following spells:

 Spells                   Type           Power      Damage    Failure   Level
 Apportation              Tloc           0%         N/A       99%         1
 Alistair's Intoxication  Tmut/Pois      0%         N/A       100%        5
 Freezing Cloud           Conj/Ice/Air   0%         6-21      100%        5
 Simulacrum               Ice/Necr       0%         N/A       100%        6
 Polar Vortex             Ice            0%         N/A       100%        9


Dungeon Overview and Level Annotations

Branches:
Dungeon (11/15)            Temple (1/1) D:5            Lair (0/5) D:8
    Orc (0/2) D:10         Bailey (visited)

Altars:
Ashenzari
Cheibriados
Dithmenos
Fedhas
Gozag
Hepliaklqana
Kikubaaqudgha
Makhleb
Nemelex Xobeh
Okawaru
Qazlal
Ru
Sif Muna
Trog
Uskayaw
Vehumet
Wu Jian
Xom
Yredelemnul

Shops:
D:10 !

Annotations:
D:11 benadryl's ghost, journeyman GrFi


Innate Abilities, Weirdness & Mutations

You have claws for hands.
You are partially covered in yellow scales. (AC +2)
You are mostly covered in sharp spines.
When hurt, damage is shared between your health and your magic reserves.
You regenerate magic rapidly.
You are clumsy. (Dex -2)
You expend magic power (3 MP) to strengthen your wands.
You passively dampen the noise of your surroundings.
[Armour fits poorly on your strangely shaped body.]
[You are weak. (Str -2)]


Message History

Welcome back to the Dungeon!
Level annotation: benadryl's ghost, journeyman GrFi Benadryl's ghost is struck by your spines.
Benadryl's ghost hits you but does no damage.
Space warps around you.
* * * LOW HITPOINT WARNING * * *
The frost giant gestures at you while chanting.
The bolt of cold hits you! You resist.
* * * LOW HITPOINT WARNING * * *
You cannot read scrolls in your current state!
You are confused.
You feel invigorated.
Benadryl's ghost hits you but does no damage.
Space warps around you.
* * * LOW HITPOINT WARNING * * *
You slash the frost giant!
The frost giant is lightly wounded.
You hit benadryl's ghost but do no damage.
Benadryl's ghost hits you but does no damage.
Space warps around you.
* * * LOW HITPOINT WARNING * * *
The frost giant points at you and mumbles some strange words.
The bolt of cold hits you. You resist.
* * * LOW HITPOINT WARNING * * *
You hit benadryl's ghost.
Benadryl's ghost is lightly damaged.
You slice the frost giant!! Benadryl's ghost hits you!
* * * LOW HITPOINT WARNING * * *
Space warps horribly around you!!
* * * LOW HITPOINT WARNING * * *
The frost giant barely misses you.
You miss benadryl's ghost.
Benadryl's ghost is lightly damaged.
You hit the frost giant. Benadryl's ghost hits you!
* * * LOW HITPOINT WARNING * * *
Space warps around you.
* * * LOW HITPOINT WARNING * * *
The frost giant points at you and mumbles some strange words.
The bolt of cold hits you! You resist.
You die...

##.#####...#####...#
## #..#
#...#####...# ###.##
#...........# #
#..##
##...........####
###.##
##..###...........
#..###...#
###.........
##.##...##
##........ ##....W#
#...###.. #...@.#
##.## ##. ####C##
##..# #. #.$.#
###...## #.
#.?.####......# #.
#.ยง.#.....#...## ##
#####....###...####
##..## ##...##. #..#
##...#. ##.## #.....


You could see a frost giant and benadryl's ghost.

Vanquished Creatures
  A tentacled monstrosity (Abyss:3)
  A lorocyproca (Abyss:3)
  2 two-headed ogres
  A thrashing horror (Abyss:3)
  Urug (D:11)
  A wretched star (Abyss:3)
  An orc knight (Bailey)
  Pikel (D:4)
  A cyclops (D:9)
  A manticore (D:9)
  A rust devil (Abyss:3)
  Maggie (D:7)
  A gargoyle (D:11)
  A komodo dragon (D:10)
  2 kobold demonologists
  An unseen horror (D:11)
  3 ancient zymes (Abyss:3)
  A freezing wraith (D:9)
  4 trolls
  A queen bee (shapeshifter) (Abyss:3)
  A hornet (D:10)
  3 raiju (Abyss:3)
  3 vampires
  2 shadows
  3 wraiths
  7 yaks
  5 wyverns
  A chaos spawn (Abyss:3)
  3 vampire mosquitoes (D:10)
  2 steam dragons
  A neqoxec (Abyss:3)
  Edmund (D:5)
  3 acid dragons
  A water moccasin (D:8)
  10 orc warriors
  3 black bears
  2 small abominations (Abyss:3)
  2 sky beasts
  4 wolves (D:8)
  2 centaurs
  3 phantoms
  A kobold brigand (D:7)
  2 bullfrogs
  2 gnoll sergeants (D:9)
  3 scorpions
  A wight (D:9)
  5 killer bees (D:9)
  A howler monkey (D:5)
  11 electric eels
  2 quasits (Abyss:3)
  8 hounds
  A jelly (D:7)
  2 gnoll boudas
  7 orc priests
  An iguana (D:7)
  3 orc wizards
  6 gnolls
  An adder (D:2)
  A shadow imp (D:8)
  A white imp (D:7)
  2 worms
  3 dart slugs (D:1)
  45 orcs
  7 ball pythons
  4 endoplasms
  3 giant cockroaches
  6 goblins
  9 hobgoblins
  6 jackals
  12 kobolds
  4 quokkas
  5 bats
  5 frilled lizards
  2 rats (D:2)
261 creatures vanquished.

Vanquished Creatures (others)
  2 gnolls (D:10)
  2 demonic plants (Abyss:3)
  7 plants (D:5)
11 creatures vanquished.

Grand Total: 272 creatures vanquished

Notes
Turn   | Place    | Note
-------+----------+-------------------------------------------
     0 | D:1      | IdlyInterested the Demonspawn Gladiator began the quest for
                  | the Orb.
     0 | D:1      | Reached XP level 1. HP: 16/16 MP: 1/1
   143 | D:1      | Gained mutation: You have sharp fingernails. [demonic
                  | ancestry]
   143 | D:1      | Reached XP level 2. HP: 22/22 MP: 2/2
   145 | D:1      | Reached skill level 3 in Axes
   285 | D:1      | Reached skill level 1 in Armour
   730 | D:2      | Reached XP level 3. HP: 27/28 MP: 3/3
   751 | D:2      | Found a radiant altar of Vehumet.
  1394 | D:3      | Found the +15 Maxwell's patent armour {-Cast -Tele rElec
                  | Will+ rCorr}
  1578 | D:3      | Found a faded altar of an unknown god.
  1849 | D:3      | Identified the +10 falchion of Urgency {freeze, Str+3 Int+4
                  | Dex-2}
  1855 | D:3      | Gained mutation: You are partially covered in sharp spines.
                  | [demonic ancestry]
  1855 | D:3      | Reached XP level 4. HP: 34/34 MP: 4/4
  2434 | D:4      | Identified the +4 flail of Gefir {holy, Int-5 Dex+2 Stlth+}
  2593 | D:4      | Noticed a scorpion
  2598 | D:4      | Killed a scorpion
  2599 | D:4      | Reached skill level 4 in Axes
  2599 | D:4      | Reached XP level 5. HP: 41/41 MP: 5/5
  2737 | D:4      | Found a basalt altar of Yredelemnul.
  2983 | D:4      | Noticed a lemure
  2983 | D:4      | Noticed a lemure
  2984 | D:4      | Noticed Pikel
  2985 | D:4      | Noticed a lemure
  2991 | D:4      | Noticed a lemure
  3016 | D:4      | Killed Pikel
  3017 | D:4      | Reached skill level 5 in Axes
  3017 | D:4      | Gained mutation: You have very sharp fingernails. [demonic
                  | ancestry]
  3017 | D:4      | Reached XP level 6. HP: 16/48 MP: 6/6
  3017 | D:4      | Gained mutation: You have claws for hands. [demonic
                  | ancestry]
  3017 | D:4      | Reached XP level 7. HP: 18/54 MP: 7/7
  3184 | D:5      | Entered Level 5 of the Dungeon
  3473 | D:5      | Gained mutation: You are partially covered in large bone
                  | plates. (SH +4) [potion of mutation]
  3473 | D:5      | Lost mutation: You are partially covered in large bone
                  | plates. (SH +4) [potion of mutation]
  3473 | D:5      | Gained mutation: You passively dampen the noise of your
                  | surroundings. [potion of mutation]
  3473 | D:5      | Gained mutation: You expend magic power (3 MP) to
                  | strengthen your wands. [potion of mutation]
  3520 | D:5      | Reached skill level 6 in Axes
  3946 | D:5      | Found a staircase to the Ecumenical Temple.
  3955 | Temple   | Entered the Ecumenical Temple
  4195 | D:5      | Reached skill level 5 in Fighting
  4195 | D:5      | Gained mutation: You regenerate magic rapidly. [demonic
                  | ancestry]
  4195 | D:5      | Reached XP level 8. HP: 62/62 MP: 8/8
  4201 | D:5      | Noticed Edmund
  4218 | D:5      | Killed Edmund
  4347 | D:5      | Reached skill level 7 in Axes
  5263 | D:6      | Reached skill level 8 in Axes
  5263 | D:6      | Reached skill level 1 in Stealth
  5350 | D:6      | Found a sparkling altar of Nemelex Xobeh.
  5473 | D:6      | Gained mutation: You are partially covered in yellow
                  | scales. (AC +2) [demonic ancestry]
  5473 | D:6      | Reached XP level 9. HP: 61/69 MP: 9/9
  5893 | D:7      | Reached skill level 1 in Evocations
  6176 | D:7      | Noticed Maggie
  6198 | D:7      | Killed Maggie
  6408 | D:8      | Found a bloodstained altar of Trog.
  6410 | D:8      | Found an ornate altar of the Wu Jian Council.
  6413 | D:8      | Found a hide-covered altar of Uskayaw.
  6414 | D:8      | Found a snail-covered altar of Cheibriados.
  6420 | D:8      | Found a hazy altar of Hepliaklqana.
  6428 | D:8      | Found a flagged portal.
  6438 | Bailey   | Entered a bailey
  6452 | Bailey   | Reached skill level 9 in Axes
  6653 | Bailey   | Noticed an orc knight
  6700 | Bailey   | Killed an orc knight
  6701 | Bailey   | Reached skill level 1 in Unarmed Combat
  6964 | D:8      | Found a broken altar of Ashenzari.
  6982 | D:8      | Reached skill level 10 in Axes
  6982 | D:8      | Reached XP level 10. HP: 80/80 MP: 10/10
  6985 | D:8      | Found a staircase to the Lair.
  7592 | D:8      | Reached skill level 11 in Axes
  7789 | D:9      | Identified a scroll of acquirement
  7789 | D:9      | Acquired the +1 pair of boots of a sewer {rF+ Int+3}
  8207 | D:9      | Identified the +0 robe of Ekomitwa {rF+ Str+5}
  8342 | D:9      | Noticed a two-headed ogre
  8353 | D:9      | Killed a two-headed ogre
  8354 | D:9      | Reached skill level 1 in Shields
  8618 | D:9      | Gained mutation: When hurt, damage is shared between your
                  | health and your magic reserves. [demonic ancestry]
  8618 | D:9      | Reached XP level 11. HP: 79/89 MP: 9/11
  8770 | D:9      | Reached skill level 12 in Axes
  8787 | D:9      | Reached skill level 10 in Fighting
  8973 | D:10     | Entered Level 10 of the Dungeon
  9074 | D:10     | Acquired the ring "Elopiliz" {rC+ rCorr Str+6}
  9212 | D:10     | Found Zorri's Distillery.
  9554 | D:10     | Found a staircase to the Orcish Mines.
  9882 | D:11     | Reached skill level 5 in Armour
  9987 | D:11     | Found a runed translucent door.
  9989 | D:11     | Noticed benadryl's ghost (journeyman GrFi)
  9989 | D:11     | Noticed a frost giant
 10086 | D:11     | Noticed Urug
 10097 | D:11     | Killed Urug
 10169 | D:11     | Identified the +1 leather armour "Xyreom" {rElec}
 10546 | D:11     | Noticed a two-headed ogre
 10551 | D:11     | Killed a two-headed ogre
 11071 | Abyss:3  | Cast into level 3 of the Abyss (benadryl's ghost)
 11193 | Abyss:3  | Reached skill level 13 in Axes
 11193 | Abyss:3  | Gained mutation: You are mostly covered in sharp spines.
                  | [demonic ancestry]
 11193 | Abyss:3  | Reached XP level 12. HP: 77/100 MP: 12/12
 11218 | Abyss:3  | Noticed a tentacled monstrosity
 11239 | Abyss:3  | Killed a tentacled monstrosity
 11241 | Abyss:3  | Noticed a rakshasa
 11380 | Abyss:3  | Gained mutation: You are clumsy. (Dex -2) [a neqoxec]
 11393 | Abyss:3  | Killed a lorocyproca
 11396 | Abyss:3  | Noticed a tentacled starspawn
 11400 | D:11     | Escaped the Abyss
 11403 | D:11     | HP: 1/100 [benadryl's ghost (11)]
 11404 | D:11     | Killed from afar by a frost giant

Illustrated notes

Levels and vault maps discovered:
D:1:      amcnicky_arrival_flooded_fountain, layout_basic, st_stairs_1
D:2:      layout_loops_ring, basic_altar, kennysheep_big_empty_room,
          minivault_23
D:3:      layout_basic, ebering_ecumenical_altar_ruins
D:4:      layout_rooms, amcnicky_altar_gilded, uniq_pikel
D:5:      cheibrodos_two_vegetables, layout_loops_corners, temple_hall,
          uniq_edmund
D:6:      layout_loops_cross, nemelex_spade_bored_becter
D:7:      layout_basic, uniq_maggie
D:8:      layout_gridville, ashenzari_altar_1,
          nicolae_overflow_hallway_of_the_gods, erik_lair_island,
          enter_bailey_2, minmay_misc_feat_tiny
D:9:      minmay_slanted_spiral_squares, layout_gridville, lemuel_doored_altar,
          mainiacjoe_overflow_chevrons
D:10:     layout_loops_ring, hiddenorc1_lemuel, nicolae_inconvenience_store
D:11:     layout_layer_cave, ebering_ghost_inner_flame, uniq_urug
Temple:   nicolae_temple_no_exploring_needed

Skill      XL: |  1  2  3  4  5  6  7  8  9 10 11 12 |
---------------+-------------------------------------+-----
Axes           | 3 4 5 6 8 10 11 13 | 13.3
Armour         | 1 2 3 4 6 7 |  7.5
Fighting       | 3 4 5 6 7 9 11 | 11.6
Dodging        | 3 4 |  4.0
Stealth        | 1 |  1.0
Evocations     | 2 |  2.0
Throwing       | 2 |  2.0
Unarmed Combat | 1 2 |  2.0
Shields        | 1 2 |  2.0

Action                   |  1- 3 |  4- 6 |  7- 9 | 10-12 || total
-------------------------+-------+-------+-------+-------++-------
Melee: War axe           |   118 |    53 |   288 |   369 ||   828
       Punch             |       |     1 |     4 |    10 ||    15
Throw: Stone             |       |    10 |    17 |     2 ||    29
       Dart              |       |       |     7 |       ||     7
Evoke: Wand              |       |       |     1 |       ||     1
  Use: Scroll            |     7 |     1 |     8 |    12 ||    28
       Potion            |       |     2 |     5 |     3 ||    10
 Stab: Sleeping          |     1 |       |       |       ||     1
Armor: Ring mail         |    25 |       |       |       ||    25
       Leather armour    |     1 |       |       |       ||     1
       Plate armour      |    34 |    33 |   258 |   418 ||   743
       Scale mail        |    20 |       |       |       ||    20
Dodge: Dodged            |    51 |    14 |    74 |   162 ||   301

Table legend: (Time is in decaauts)
 A = Elapsed time spent in this place.
 B = Non-inter-level travel time spent in this place.
 C = Inter-level travel time spent in this place.
 D = Time resting spent in this place.
 E = Time spent auto-exploring this place.
 F = Levels seen in this place.
 G = Mean time per level.
                   A        B        C        D        E       F      G
               +--------+--------+--------+--------+--------+-----+--------+
         Total |  11607 |  10317 |   1290 |    805 |   6567 |  14 |  829.1 |
       Dungeon |  10767 |   9477 |   1290 |    720 |   6333 |  11 |  978.8 |
        Temple |      1 |      1 |      0 |      0 |      0 |   1 |    1.0 |
         Abyss |    352 |    352 |      0 |      0 |    192 |   1 |  352.0 |
        Bailey |    486 |    486 |      0 |     85 |     41 |   1 |  486.0 |
               +--------+--------+--------+--------+--------+-----+--------+

Top non-repeatable levels by time:
     D:5: 1831 daAuts
     D:9: 1375 daAuts
    D:11: 1154 daAuts
     D:3: 968 daAuts
    D:10: 928 daAuts
     D:2: 873 daAuts
     D:8: 805 daAuts
     D:4: 765 daAuts
     D:1: 731 daAuts
     D:6: 671 daAuts
     D:7: 660 daAuts
  Bailey: 486 daAuts
 Abyss:3: 352 daAuts
  Temple: 1 daAuts
